 Dungeon Crawl Stone Soup version 0.28-a0-998-gb9e9c7b67e (webtiles) character file.

Game seed: 17684417434032835218

4147 kurci the Covert (level 10, 0/44 HPs)
             Began as a Spriggan Enchanter on Dec 6, 2021.
             Slain by a fire dragon (17 damage)
             ... on level 8 of the Dungeon.
             The game lasted 00:18:55 (10863 turns).

kurci the Covert (Spriggan Enchanter)              Turns: 10863, Time: 00:18:56

Health: 0/44       AC:  5    Str:  8    XL:     10   Next: 7%
Magic:  16/25      EV: 18    Int: 17    God:
Gold:   501        SH:  0    Dex: 22    Spells: 21/29 levels left

rFire   . . .      SeeInvis +   j - +2 dagger (elec)
rCold   . . .      Faith    .   (shield restricted)
rNeg    . . .      Spirit   .   b - +1 robe
rPois   +          Reflect  .   (helmet restricted)
rElec   .          Harm     .   s - +1 cloak
rCorr   .          Rampage  .   (gloves unavailable)
Will    +....                   (boots unavailable)
Stlth   ++++++....              (no amulet)
HPRegen 0.14/turn               E - +6 ring of dexterity
MPRegen 0.19/turn               q - ring of poison resistance

@: very quick
A: very small, no large weapons, unfitting armour, see invisible, speed 3
a: no special abilities


You were on level 8 of the Dungeon.
You visited 2 branches of the dungeon, and saw 9 of its levels.

You collected 501 gold pieces.

Inventory:

Hand Weapons
 a - a +1 dagger
 i - a +2 vampiric dagger
 j - a +2 dagger of electrocution (weapon)
 l - a +2 dagger of venom
Armour
 b - a +1 robe (worn)
 s - a +1 cloak (worn)
Jewellery
 e - a ring of protection from cold
 q - a ring of poison resistance (right hand)
 u - a ring of ice
 E - a +6 ring of dexterity (left hand)
Wands
 r - a wand of acid (3)
 x - a wand of digging (6)
 y - a wand of paralysis (7)
 z - a wand of iceblast (8)
 B - a wand of flame (16)
 C - a wand of charming (12)
 D - a wand of mindburst (13)
Scrolls
 g - 3 scrolls of teleportation
 p - 2 scrolls of fog
Potions
 c - 4 potions of curing
 d - a potion of brilliance
 f - a potion of resistance
 h - a potion of lignification
 k - 2 potions of might
 m - 2 potions of attraction {unknown}
 n - a potion of heal wounds
 o - a potion of flight
 t - 2 potions of ambrosia
 v - 2 potions of haste {unknown}
 w - 3 potions of mutation {unknown}
 A - a potion of degeneration {unknown}


   Skills:
 - Level 1.1 Short Blades
 - Level 2.6 Dodging
 * Level 14.0 Stealth
 + Level 10.3 Spellcasting
 + Level 10.5 Hexes


You had 21 spell levels left.
You knew the following spells:

 Your Spells              Type           Power      Damage    Failure   Level
a - Ensorcelled Hibernat  Hex/Ice        52%        N/A       1%          2
b - Tukima's Dance        Hex            44%        N/A       1%          3
c - Dazzling Flash        Conj/Hex       52%        N/A       2%          3

Your spell library contained the following spells:

 Spells                   Type           Power      Damage    Failure   Level
 Confusing Touch          Hex            44%        N/A       1%          3
 Silence                  Hex/Air        13%        N/A       26%         5
 Agony                    Necr           8%         N/A       93%         5


Dungeon Overview and Level Annotations

Branches:
Dungeon (8/15)             Temple (1/1) D:6            Lair (0/6) D:8

Altars:
Ashenzari
Cheibriados
Elyvilon
Fedhas
Gozag
Kikubaaqudgha
Makhleb
Nemelex Xobeh
Okawaru
Sif Muna
Trog
Vehumet
Xom
Yredelemnul
Zin
The Shining One

Annotations:
D:8 exclusion: fire dragon


Innate Abilities, Weirdness & Mutations

You are very small and have problems with some larger weapons.
You are too small for most types of armour.
You have supernaturally acute eyesight. (SInv)
You cover ground extremely quickly. (Speed+++)


Message History

You must enter the number of times for the command to repeat.
Unknown command.
Unknown command.
You see here a +0 trident.
You see here a +0 whip.
The fire dragon roars deafeningly!
There is an open door here.
Casting: Ensorcelled Hibernation (safe; 1% risk of failure)
Confirm with . or Enter, or press ? or * to list all spells.
Aiming: Ensorcelled Hibernation (safe; 1% risk of failure)
Press: ? - help, Shift-Dir - straight line, f - fire dragon
Aim: a fire dragon (chance to affect: 22%)
The fire dragon resists with almost no effort.
Casting: Ensorcelled Hibernation (safe; 1% risk of failure)
Confirm with . or Enter, or press ? or * to list all spells.
Aiming: Ensorcelled Hibernation (safe; 1% risk of failure)
Press: ? - help, Shift-Dir - straight line, f/p - fire dragon
Aim: a fire dragon (chance to affect: 22%)
The fire dragon looks drowsy...
Unknown command.
The helpless fire dragon fails to defend itself.
You perforate the fire dragon like a sieve!!!
The fire dragon is severely wounded.
The fire dragon breathes flames at you. The blast of flame hits you!!
Ouch! That really hurt!
Casting: Ensorcelled Hibernation (safe; 1% risk of failure)
Confirm with . or Enter, or press ? or * to list all spells.
Casting: Dazzling Flash (dangerous; 2% risk of failure)
Press: ? - help, Dir - look around, f - activate The fire dragon bites you but does no damage.
The fire dragon barely misses you. The fire dragon misses you.
Unknown command.
Unknown command.
Casting: Dazzling Flash (dangerous; 2% risk of failure)
Confirm with . or Enter, or press ? or * to list all spells.
Casting: Dazzling Flash (dangerous; 2% risk of failure)
Press: ? - help, Dir - look around, f - activate The fire dragon is dazzled.
The fire dragon bites you!
You die...

#.# #####.##### ##.#
#.# #####.#### #.# ##
#.# #........# #.. .#
#.# #........# ##. .#
#.# #........+ #. .##
#.######........# #
#. ..#
#......'........+ +..
#† ..#
########........###
#....### ..#
#...@....... §.......
..#
#....D.....≈§≈§...[##
..#
#.......).≈≈§≈§≈.. #
..# ########..§≈≈D§≈≈
# ..# #..≈.>≈§ # ..#
§≈ ≈§§≈ # ..# § ≈ §≈
. .######## ..###
........# .#..


You could see a fire dragon (blind, catching breath).

Vanquished Creatures
  Maurice (D:8)
  A wyvern (D:8)
  4 yaks (D:8)
  2 steam dragons
  The ghost of paps the Covert, an amateur OpDe (D:5)
  Edmund (D:5)
  A water moccasin (D:8)
  An orc warrior (D:7)
  A centaur (D:5)
  2 ogres
  2 necrophages
  3 phantoms
  A kobold brigand (D:5)
  2 bullfrogs (D:7)
  3 scorpions
  6 killer bees
  4 wights
  2 hounds
  A centaur zombie (D:7)
  A gnoll shaman (D:7)
  A centaur skeleton (D:7)
  3 iguanas
  3 orc wizards
  12 gnolls
  16 adders
  An ufetubus (D:6)
  4 worms
  A dart slug (D:2)
  16 orcs
  6 endoplasms
  4 giant cockroaches
  7 goblins
  12 hobgoblins
  3 jackals
  40 kobolds
  2 quokkas
  5 ball pythons
  5 bats
  3 frilled lizards
  8 rats
192 creatures vanquished.

Vanquished Creatures (collateral kills)
  An orc warrior (D:6)
  4 wights
  3 gnolls
  An orc (D:6)
  A kobold (D:5)
10 creatures vanquished.

Vanquished Creatures (others)
  5 dancing weapons
  2 fungi (D:4)
7 creatures vanquished.

Grand Total: 209 creatures vanquished

Notes
Turn   | Place    | Note
-------+----------+-------------------------------------------
     0 | D:1      | kurci the Spriggan Enchanter began the quest for the Orb.
     0 | D:1      | Reached XP level 1. HP: 9/9 MP: 5/5
    99 | D:1      | Found a faded altar of an unknown god.
   489 | D:1      | Reached XP level 2. HP: 6/13 MP: 7/7
   495 | D:1      | Learned a level 2 spell: Ensorcelled Hibernation
  1450 | D:2      | Reached XP level 3. HP: 9/16 MP: 1/9
  1454 | D:2      | Learned a level 3 spell: Tukima's Dance
  1458 | D:2      | Learned a level 3 spell: Dazzling Flash
  1977 | D:2      | Reached XP level 4. HP: 18/21 MP: 3/11
  2173 | D:2      | Reached skill level 5 in Hexes
  3152 | D:3      | Noticed an ogre
  3166 | D:3      | Killed an ogre
  3167 | D:3      | Reached skill level 5 in Spellcasting
  3167 | D:3      | Reached XP level 5. HP: 24/24 MP: 6/13
  3349 | D:4      | Identified the +9 flail of Hexkarr {protect, *Corrode rElec
                  | Str+2}
  3403 | D:4      | Reached XP level 6. HP: 25/28 MP: 3/15
  3889 | D:4      | Found a glowing golden altar of the Shining One.
  3973 | D:4      | Reached XP level 7. HP: 23/32 MP: 15/18
  4145 | D:4      | Identified the +1 falchion of Ocvunnan {holy, rElec}
  4494 | D:5      | Entered Level 5 of the Dungeon
  4495 | D:5      | Noticed Edmund
  4505 | D:5      | Killed Edmund
  4740 | D:5      | Reached skill level 5 in Stealth
  5021 | D:5      | Found a runed translucent door.
  5027 | D:5      | Noticed paps's ghost (amateur OpDe)
  5178 | D:5      | Reached skill level 6 in Stealth
  6282 | D:5      | Reached skill level 7 in Stealth
  6282 | D:5      | Reached XP level 8. HP: 8/36 MP: 8/20
  6895 | D:5      | Reached skill level 8 in Stealth
  7550 | D:5      | Killed paps's ghost
  7551 | D:5      | Reached skill level 9 in Stealth
  7669 | D:6      | Found a basalt altar of Yredelemnul.
  7697 | D:6      | Found a broken altar of Ashenzari.
  7989 | D:6      | Reached skill level 10 in Stealth
  8112 | D:6      | Found a staircase to the Ecumenical Temple.
  8127 | Temple   | Entered the Ecumenical Temple
  8738 | D:6      | Reached XP level 9. HP: 31/39 MP: 14/22
  8890 | D:7      | Reached skill level 11 in Stealth
  9466 | D:7      | Reached skill level 12 in Stealth
  9868 | D:8      | Reached skill level 10 in Hexes
  9969 | D:8      | Reached skill level 13 in Stealth
  9973 | D:8      | Reached skill level 10 in Spellcasting
 10318 | D:8      | Found a staircase to the Lair.
 10318 | D:8      | Noticed a fire dragon
 10476 | D:8      | Noticed Maurice
 10509 | D:8      | Killed Maurice
 10510 | D:8      | Reached skill level 14 in Stealth
 10510 | D:8      | Reached XP level 10. HP: 44/44 MP: 18/25
 10863 | D:8      | Slain by a fire dragon

Illustrated notes

Levels and vault maps discovered:
D:1:      dpeg_arrival_tiny_d, layout_basic, nicolae_ecumenical_snake_handling
D:2:      layout_basic
D:3:      layout_rooms
D:4:      layout_cave_pools, mainiacjoe_overflow_chevrons, st_stairs_5,
          dk_noncrumbling_4, grunt_ministairs_12
D:5:      minmay_goblin_kobold_castle, layout_cave_pools, ebering_ghost_sewer_d,
          uniq_edmund
D:6:      layout_loops_ring, nicolae_overflow_hidden_temple,
          mainiacjoe_overflow_cross_hatched, minmay_temple_entry_statues_pillars
D:7:      layout_basic
D:8:      layout_basic, minmay_lair_entry_lava, nicolae_figureground_pulse,
          uniq_maurice
Temple:   nicolae_temple_god_jail

Skill      XL: |  1  2  3  4  5  6  7  8  9 |
---------------+----------------------------+-----
Spellcasting   | 3 4 5 6 7 8 10 | 10.3
Hexes          | 4 5 6 7 8 9 10 | 10.5
Stealth        | 7 10 14 | 14.0
Short Blades   | |  1.1
Dodging        | |  2.6

Action                   |  1- 3 |  4- 6 |  7- 9 | 10-12 || total
-------------------------+-------+-------+-------+-------++-------
Melee: Dagger            |   106 |   149 |   416 |     1 ||   672
 Cast: Ensorcelled Hiber |     8 |    24 |    59 |     2 ||    93
       Tukima's Dance    |       |     1 |    30 |       ||    31
       Dazzling Flash    |       |       |       |     2 ||     2
Evoke: Wand              |       |       |     4 |       ||     4
  Use: Potion            |     2 |     1 |     1 |       ||     4
       Scroll            |     8 |     4 |     8 |       ||    20
 Stab: Sleeping          |    11 |    18 |    51 |     1 ||    81
       Invisible         |     2 |       |       |       ||     2
Armor: Robe              |    17 |    26 |    88 |     1 ||   132
Dodge: Dodged            |    82 |   133 |   366 |     2 ||   583

Table legend: (Time is in decaauts)
 A = Elapsed time spent in this place.
 B = Non-inter-level travel time spent in this place.
 C = Inter-level travel time spent in this place.
 D = Time resting spent in this place.
 E = Time spent auto-exploring this place.
 F = Levels seen in this place.
 G = Mean time per level.
                   A        B        C        D        E       F      G
               +--------+--------+--------+--------+--------+-----+--------+
         Total |   8845 |   8768 |     77 |    220 |   6977 |   9 |  982.8 |
       Dungeon |   8812 |   8739 |     73 |    220 |   6961 |   8 | 1101.5 |
        Temple |     32 |     29 |      3 |      0 |     15 |   1 |   32.0 |
               +--------+--------+--------+--------+--------+-----+--------+

Top non-repeatable levels by time:
     D:5: 2526 daAuts
     D:4: 1180 daAuts
     D:1: 1067 daAuts
     D:8: 946 daAuts
     D:6: 870 daAuts
     D:7: 748 daAuts
     D:2: 737 daAuts
     D:3: 736 daAuts
  Temple: 32 daAuts
